cohdb
Replays
Latest Replays
All Replays
Popular Replays
Top Player Replays
Match Explorer
How It Works
Community
CoH3 Stats
Reddit
Sign in to upload your games and track your stats! →
Sign in with Steam
Match 38465082
Unlisted
Match 38465082
Overview
Messages
Build Orders
End
Scout Squad
Scout Squad
Selects Airborne Battlegroup
Selects Pathfinders
Construct Weapon Support Center
Engineer Squad
M1919 Machine Gun Team
Air Support Center
Construct Medical Station
Selects Paratrooper Squad Paradrop
M3 Armored Personnel Carrier
Paratrooper Squad Paradrop
Selects Smoke Bombing Run
Paratrooper Squad Paradrop
Selects Supply Drop
P-47 Strafing Run
Construct Tank Depot
Grasshopper Recon Run
M1919 Machine Gun Team
Engineer Squad
BigTiddyLebron
Slisket
QwertZ
Operace lidský štít
0
0
Comments
sign in to comment!
No comments posted yet!